 Dungeon Crawl Stone Soup version 0.21-a0-163-g3aa3f5d (webtiles) character file.

170 Lunath the Cudgeler (level 5, -3/33 HPs)
             Began as a Gargoyle Gladiator on Aug 6, 2017.
             Was an Initiate of Gozag.
             Killed by divine providence
             ... invoked by an orc priest
              (11 damage)
             ... on level 3 of the Dungeon.
             The game lasted 00:04:47 (2707 turns).

Lunath the Cudgeler (Gargoyle Gladiator)            Turns: 2707, Time: 00:04:47

Health: -3/33      AC: 12    Str: 18    XL:     5   Next: 51%
Magic:  14/14      EV: 11    Int:  8    God:    Gozag
Gold:   276        SH:  0    Dex: 12    Spells: 4/4 levels left

rFire    . . .     SeeInvis .   a - +0 flail
rCold    . . .     Gourm    .   (no shield)
rNeg     + . .     Faith    .   i - +0 ring mail
rPois    ∞         Spirit   .   j - +2 helmet
rElec    +         Reflect  .   (no cloak)
rCorr    .         Harm     .   (no gloves)
MR       .....                  (no boots)
Stlth    +.........             (no amulet)
HPRegen  0.11/turn              g - ring of magical power
MPRegen  0.14/turn              (no ring)

@: gold aura
A: negative energy resistance 1, electricity resistance, unbreathing,
petrification resistance, rot immunity, AC +4
a: Potion Petition, Call Merchant, Bribe Branch, Renounce Religion


You were on level 3 of the Dungeon.
You worshipped Gozag.
Gozag was aware of your devotion.
You were not hungry.

You visited 1 branch of the dungeon, and saw 3 of its levels.

You collected 302 gold pieces.
You paid 26 gold pieces to Gozag.

Inventory:

Hand Weapons
 a - a +0 flail (weapon)
Missiles
 d - 3 throwing nets (quivered)
Armour
 i - a +0 ring mail (worn)
 j - a +2 helmet (worn)
Jewellery
 b - an uncursed amulet of the gourmand {unknown}
 g - a ring of magical power (left hand)
Scrolls
 h - 3 scrolls of remove curse
Potions
 e - 2 potions of magic {unknown}
 k - 2 potions of curing {unknown}
 l - a potion of ambrosia {unknown}
 m - a potion of heal wounds
Comestibles
 f - 5 bread rations


   Skills:
 + Level 4.0 Fighting
 * Level 5.1 Maces & Flails
 - Level 1.7 Throwing
 - Level 2.4 Dodging


You had 4 spell levels left.
You didn't know any spells.

Dungeon Overview and Level Annotations

Branches:
Dungeon (3/15)

Altars:
Gozag


Innate Abilities, Weirdness & Mutations

You are resistant to torment.
Your stone body is resilient. (AC +4)
You are immune to poison.
You resist negative energy. (rN+)
You are resistant to electric shocks. (rElec)
You can survive without breathing.
You are immune to petrification.
You are immune to rotting.


Message History

You barely miss the orc priest.
The orc priest calls down the wrath of Beogh upon you.
Beogh smites you!
You are too injured to fight recklessly!
You are too injured to fight recklessly!
You closely miss the orc priest.
The orc priest hits you but does no damage.
You thump the orc priest!
The orc priest is almost dead.
The orc priest misses you.
You barely miss the orc priest.
The orc priest is almost dead.
You closely miss the orc. The orc hits you with a whip.
* * * LOW HITPOINT WARNING * * *
You sock the orc!
You kill the orc!
The orc priest invokes the aid of Beogh against you.
Beogh smites you!
You die...
Your body crumbles into a pile of gold.

#........##.#
#.#.#####.....#
#.....##.##.#
#.#.# #####.#
####..##.##.#
#)#.# #.###
#..(.....###.#.#
#....
#.##.......=.#.#
##.##
#.##...#######.#
##.# #.######
#.# ##. #.#
#######.# #.
#oo$@...# #.
#.####### #. #.
#. #. #<


You could see an orc priest and an orc.

Vanquished Creatures
  An orc priest (D:3)
  An orc wizard (D:3)
  3 adders
  2 oozes
  3 worms
  A dart slug (D:1)
  7 orcs (D:3)
  5 giant cockroaches
  4 goblins
  5 hobgoblins
  A ball python (D:3)
  7 bats
  12 frilled lizards
  8 kobolds
  6 rats
66 creatures vanquished.

Notes
Turn   | Place    | Note
-------+----------+-------------------------------------------
     0 | D:1      | Lunath the Gargoyle Gladiator began the quest for the Orb.
     0 | D:1      | Reached XP level 1. HP: 12/12 MP: 1/1
   266 | D:1      | Reached XP level 2. HP: 13/18 MP: 2/2
   461 | D:1      | Reached XP level 3. HP: 12/22 MP: 3/3
  1260 | D:2      | Reached skill level 4 in Maces & Flails
  1263 | D:2      | Found an opulent altar of Gozag.
  1305 | D:2      | Became a worshipper of Gozag Ym Sagoz the Greedy
  1755 | D:2      | Reached XP level 4. HP: 23/28 MP: 4/4
  2183 | D:3      | Reached XP level 5. HP: 21/32 MP: 5/5
  2479 | D:3      | Reached skill level 5 in Maces & Flails
  2707 | D:3      | Killed from afar by an orc priest

Vault maps used:
D:1:      arrival_zaba_pyramid, minmay_lizard_pond
D:2:      grunt_gozag_breadcrumbs
D:3:      uniq_crazy_yiuf_cottage

Skill      XL: |  1  2  3  4  5 |
---------------+----------------+-----
Maces & Flails | 4 5 |  5.1
Fighting       | 3 4 |  4.0
Throwing       | |  1.7
Dodging        | |  2.4

Action                   |  1- 3 |  4- 6 || total
-------------------------+-------+-------++-------
Melee: Flail             |   151 |    99 ||   250
  Use: Scroll            |       |     1 ||     1
  Eat: Chunk             |     2 |       ||     2
       Royal jelly       |       |     1 ||     1
       Bread ration      |       |     1 ||     1
Armor: Leather armour    |    89 |    20 ||   109
       Ring mail         |       |     8 ||     8
Dodge: Dodged            |   136 |    48 ||   184
